 Dungeon Crawl Stone Soup version 0.19.5 (webtiles) character file.

571 Snarbu the Ruffian (level 7, -4/67 HPs)
             Began as a Troll Fighter on Oct 24, 2017.
             Slain by Erymatos's ghost (8 damage)
             ... on level 5 of the Dungeon.
             The game lasted 00:20:54 (3435 turns).

Snarbu the Ruffian (Troll Fighter)                  Turns: 3435, Time: 00:20:54

Health: -4/67      AC:  9    Str: 27      XL:     7   Next: 12%
Magic:  6/6        EV:  1    Int:  4      God:
Gold:   42         SH:  0    Dex:  5 (14) Spells: 0 memorised, 6 levels left

rFire  . . .     SeeInvis .       - Unarmed
rCold  . . .     Gourm    +     h - +2 troll leather armour
rNeg   . . .     Faith    .     b - +0 shield
rPois  .         Spirit   .     (helmet restricted)
rElec  .         Reflect  .     (no cloak)
rCorr  .         Harm     .     (gloves unavailable)
MR     .....                    (boots unavailable)
Stlth  ..........               o - amulet of regeneration
                                (no ring)
                                (no ring)

@: agile, very slightly contaminated, hasted and slowed, lost dexterity
A: unfitting armour, claws 3, fast metabolism 3, gourmand, regeneration 1,
shaggy fur 1, tough skin 2
a: no special abilities


You were on level 5 of the Dungeon.
You were not hungry.

You visited 1 branch of the dungeon, and saw 5 of its levels.

You collected 312 gold pieces.
You spent 270 gold pieces at shops.

Inventory:

Hand Weapons
 g - a +0 mace
Armour
 a - a +0 robe
 b - a +0 shield (worn)
 h - a +2 troll leather armour (worn)
Jewellery
 o - an amulet of regeneration (around neck)
 v - an uncursed amulet of regeneration
Wands
 w - a wand of polymorph (15/24)
 y - a wand of slowing (22/48)
Scrolls
 f - a scroll of amnesia {unknown}
 r - a scroll of remove curse {unknown}
 s - 2 scrolls of teleportation {unknown}
 t - a scroll of enchant armour {unknown}
 u - 2 scrolls of enchant weapon {unknown}
 x - 2 scrolls of noise {unknown}
Potions
 c - 2 potions of might
 e - 2 potions of haste
 j - a potion of lignification {unknown}
 k - 2 potions of curing
 l - 2 potions of agility
 m - 2 potions of brilliance
 n - a potion of flight {unknown}
 p - 2 potions of heal wounds {unknown}
 q - a potion of cure mutation {unknown}
Comestibles
 d - 2 bread rations
 z - a meat ration


   Skills:
 + Level 3.0 Fighting
 + Level 0.8 Armour
 + Level 4.1 Dodging
 + Level 0.5 Stealth
 + Level 3.9 Shields
 + Level 4.6 Unarmed Combat


You had 6 spell levels left.
You didn't know any spells.

Dungeon Overview and Level Annotations

Branches:
Dungeon (5/15)
 Temple: D:4-7

Altars:
Cheibriados
Kikubaaqudgha

Shops:
D:4 *

Annotations:
D:5 Erymatos's ghost, novice MiBe


Innate Abilities, Weirdness & Mutations

You are too large for most types of armour.
You have claws for hands.
Your metabolism is lightning-fast.
You like to eat raw meat.
Your natural rate of healing is unusually fast.
You are covered in fur. (AC +1)
You have very tough skin. (AC +2)


Message History

Erymatos's ghost is moderately damaged.
Erymatos's ghost hits you but does no damage.
You closely miss Erymatos's ghost.
Erymatos's ghost is moderately damaged.
Erymatos's ghost completely misses you.
You barely miss Erymatos's ghost.
Erymatos's ghost is moderately damaged.
Erymatos's ghost hits you.
* * * LOW HITPOINT WARNING * * *
You feel agile all of a sudden. Erymatos's ghost hits you.
* * * LOW HITPOINT WARNING * * *
You barely miss Erymatos's ghost.
Erymatos's ghost is moderately damaged.
Erymatos's ghost hits you!
* * * LOW HITPOINT WARNING * * *
You closely miss Erymatos's ghost.
Erymatos's ghost is moderately damaged.
Erymatos's ghost hits you!
You die...

#.##.......#.########.###
#.##.#######.# #.......
#.##.#######.#####.##.##.
#.##.#.....<....##.##.##.
#.##.#.#####.##..........
#.#..#.#####.#####.......
#####............# #.......
#........#.#.########........
#>###.......@................
#####.
#.##.#.#W##########(..5.#
...... #.##.....# ##...##
.....####.####.### #...5
####......# #.# #.#.#
##.....####.####### #.#.
#.###............# # #.#
######.#####.# #)# #.# #.#


You could see Erymatos's ghost.

Vanquished Creatures
  Eustachio (D:5)
  A howler monkey (D:3)
  A crimson imp (D:5)
  An orc priest (D:4)
  A hound (D:5)
  2 orc wizards (D:4)
  A bullfrog skeleton (D:5)
  An iguana (D:4)
  2 worker ants (D:3)
  A worker ant zombie (D:5)
  5 adders
  An ooze (D:1)
  A worm (D:3)
  2 dart slugs (D:1)
  7 leopard geckos
  7 orcs (D:4)
  A ball python (D:1)
  2 giant cockroaches
  2 goblins
  7 hobgoblins
  4 jackals (D:1)
  A kobold (D:1)
  2 quokkas
  8 bats
  6 frilled lizards
  A quokka skeleton (D:5)
  4 rats
  A fungus (D:4)
74 creatures vanquished.

Notes
Turn   | Place    | Note
-------+----------+-------------------------------------------
     0 | D:1      | Snarbu the Troll Fighter began the quest for the Orb.
     0 | D:1      | Reached XP level 1. HP: 22/22 MP: 0/0
   227 | D:1      | Reached XP level 2. HP: 29/29 MP: 1/1
   394 | D:1      | Reached XP level 3. HP: 36/36 MP: 2/2
   795 | D:2      | Found a snail-covered altar of Cheibriados.
   835 | D:2      | Found an ancient bone altar of Kikubaaqudgha.
  1028 | D:2      | Reached XP level 4. HP: 44/44 MP: 3/3
  1573 | D:3      | Reached XP level 5. HP: 45/52 MP: 4/4
  1776 | D:4      | Found Zunus's General Store.
  2001 | D:4      | Reached XP level 6. HP: 59/59 MP: 5/5
  2417 | D:5      | Entered Level 5 of the Dungeon
  2516 | D:4      | Bought a +2 troll leather armour for 270 gold pieces
  2616 | D:5      | Noticed Eustachio
  2728 | D:5      | Lost dexterity.
  2749 | D:5      | Killed Eustachio
  3089 | D:5      | Reached XP level 7. HP: 58/67 MP: 6/6
  3412 | D:5      | Noticed Erymatos's ghost (novice MiBe)
  3434 | D:5      | HP: 3/67 [Erymatos's ghost (10)]
  3435 | D:5      | Slain by Erymatos's ghost

Skill      XL: |  1  2  3  4  5  6 |
---------------+-------------------+-----
Dodging        | 3 4 |  4.1
Unarmed Combat | 3 4 |  4.6
Shields        | 3 |  3.9
Fighting       | 3 |  3.0
Armour         | |  0.8
Stealth        | |  0.5

Action                   |  1- 3 |  4- 6 |  7- 9 || total
-------------------------+-------+-------+-------++-------
Melee: Unarmed           |   119 |   218 |    35 ||   372
  Use: Scroll            |       |     7 |       ||     7
       Potion            |       |     2 |     2 ||     4
  Eat: Chunk             |     5 |    19 |     3 ||    27
       Fruit             |     3 |       |       ||     3
       Bread ration      |       |     1 |       ||     1
Armor: Robe              |    55 |    20 |       ||    75
       Troll leather arm |       |   128 |    19 ||   147
Dodge: Dodged            |    51 |    72 |     1 ||   124
Block: Shield            |    58 |   114 |       ||   172
